 Dungeon Crawl Stone Soup version 0.31-a0-965-g8a8ce12e04 (webtiles) character file.

Game seed: 11324088691827781650

53 Dirtsage the Insei (level 3, 0/24 HPs)
             Began as an Octopode Shapeshifter on Oct 26, 2023.
             Succumbed to an adder's poison
             ... on level 2 of the Dungeon.
             The game lasted 00:01:33 (798 turns).

Dirtsage the Insei (Octopode Shapeshifter)           Turns: 798, Time: 00:01:33

Health: 0/24       AC:  1    Str: 13    XL:     3   Next: 87%
Magic:  3/3        EV: 13    Int: 12    God:
Gold:   64         SH:  0    Dex: 13    Spells: 2/2 levels left

rFire   + .          .
                       - Unarmed
rCold   + . .        (no shield)
rNeg    . . .        (helmet currently unavailable)
rPois   +            (no amulet)
rElec   +            (no ring)
rCorr   +            (no ring)
SInv    .            (no ring)
Will    .....        (no ring)
Stlth   ++           (no ring)
HPRegen 0.24/turn    (no ring)
MPRegen 0.08/turn    (no ring)
                     (no ring)

%: no passive effects
@: brilliant, lethally poisoned (0 -> -3), beast-form, resistant, hasted, very
quick
A: beast (slay +2), almost no armour, amphibious, 8 rings, camouflage 1,
gelatinous body 1, (nimble swimmer 1), tentacles
a: Begin Untransformation


You were on level 2 of the Dungeon.
You were a hulking beast.
You visited 1 branch of the dungeon, and saw 2 of its levels.

You collected 64 gold pieces.

Inventory:

Talismans
 b - a beast talisman
 c - a flux talisman
Scrolls
 e - a scroll of silence {unknown}
 f - a scroll of enchant armour {unknown}
 g - 2 scrolls of identify {unknown}
 h - 2 scrolls of blinking {unknown}
Potions
 a - a potion of lignification
 j - a potion of brilliance


   Skills:
 + Level 1.7 Fighting
 - Level 2.0 Dodging
 * Level 3.7 Unarmed Combat
 * Level 3.6 Shapeshifting


You had 2 spell levels left.
You didn't know any spells.
Your spell library was empty.

Dungeon Overview and Level Annotations

Branches:
Dungeon (2/15)

Altars:


Innate Abilities, Weirdness & Mutations

You are a hulking beast.
Your limbs bulge with bestial killing power. (Slay +2)
You cannot wear most types of armour.
You are amphibious.
You can wear up to eight rings at the same time.
Your skin changes colour to match your surroundings (Stealth+).
Your rubbery body absorbs attacks. (AC +1, EV +1)
((You are camouflaged when in or above water. (Stealth+)))
You have tentacles for arms and can constrict up to eight enemies at once.


Message History

The adder bites you.
You take 7 damage, and have 11/23 hp.
MASSIVE DAMAGE!!
The adder attacks as it pursues you! The adder closely misses you.
You bludgeon the adder! You grab the adder.
The adder is almost dead.
You constrict the adder, but do no damage.
The adder bites you.
You are poisoned.
The adder poisons you!
You take 3 damage, and have 9/23 hp.
You barely miss the adder.
The adder is almost dead.
You constrict the adder.
You kill the adder!
You feel sick.
You miss the adder. You grab the adder. You constrict the adder.
You feel sick. The adder barely misses you.
You take 1 damage, and have 8/24 hp.
You tentacle-slap the adder.
The adder is severely wounded.
You constrict the adder.
You feel sick. The adder closely misses you. The adder bites you.
* * * LOW HITPOINT WARNING * * *
You take 4 damage, and have 4/24 hp.
It was a potion of brilliance.
You feel clever all of a sudden.
You constrict the adder.
You feel sick. The adder bites you.
* * * LOW HITPOINT WARNING * * *
You are lethally poisoned!
The adder poisons you!
You take 2 damage, and have 2/24 hp.
It was a potion of resistance.
You feel protected.
You constrict the adder.
You kill the adder!
* * * LOW HITPOINT WARNING * * *
You feel sick. The adder closely misses you.
You take 1 damage, and have 1/24 hp.
It was a potion of haste.
You feel yourself speed up.
You die...

#........# #........# ########
#........# #......# #........##
#.####.# #[........# #.# #.#
#....)....############.####.#
#........................<#.#####
#.........############'####.)....
...#'####.......hSg......########
####.# ##########.......########
### #...............
#..............# #........#...#.#
#### #g.......#...#.#
####...###.######.##.<#.#
.....#....># #.##.##.# #....g##.#
#.##.##.#


You could see an adder and a goblin.

Vanquished Creatures
  2 adders (D:2)
  A dart slug (D:1)
  3 bats (D:1)
  5 endoplasms
  A giant cockroach (D:1)
  5 hobgoblins (D:1)
  2 kobolds
  A quokka (D:1)
  A ball python (D:1)
  2 frilled lizards (D:1)
  4 goblins (D:1)
  5 rats (D:1)
32 creatures vanquished.

Notes
Turn   | Place    | Note
-------+----------+-------------------------------------------
     0 | D:1      | Dirtsage the Octopode Shapeshifter began the quest for the
                  | Orb.
     0 | D:1      | Reached XP level 1. HP: 13/13 MP: 1/1
    85 | D:1      | Reached XP level 2. HP: 13/18 MP: 2/2
   307 | D:1      | Found a faded altar of an unknown god.
   311 | D:1      | Reached XP level 3. HP: 19/23 MP: 3/3
   704 | D:2      | Identified the +5 spear "Yplyqyof" {heavy, SInv}
   797 | D:2      | HP: 1/24 [poisoned by an adder]
   798 | D:2      | Succumbed to an adder's poison

Illustrated notes

Levels and vault maps discovered:
D:1:      spicycebolla_arrival_transporter_tutorial, layout_basic,
          hellmonk_ecumenical_altar_slurped_away
D:2:      layout_basic, minmay_fractal_squares_5

Action                     || total
---------------------------++-------
  Melee: Unarmed           ||    53
         Constrict         ||    20
         Tentacles         ||    12
         Punch             ||     2
    Use: Potion            ||     3
   Stab: Sleeping          ||     4
 Armour: Skin              ||    30
  Dodge: Dodged            ||    25

Table legend: (Time is in decaauts)
 A = Elapsed time spent in this place.
 B = Non-inter-level travel time spent in this place.
 C = Inter-level travel time spent in this place.
 D = Time resting spent in this place.
 E = Time spent auto-exploring this place.
 F = Levels seen in this place.
 G = Mean time per level.
                   A        B        C        D        E       F      G
               +--------+--------+--------+--------+--------+-----+--------+
         Total |    794 |    778 |     16 |      0 |    589 |   2 |  397.0 |
       Dungeon |    794 |    778 |     16 |      0 |    589 |   2 |  397.0 |
               +--------+--------+--------+--------+--------+-----+--------+

Top non-repeatable levels by time:
     D:1: 668 daAuts
     D:2: 126 daAuts
